 Dungeon Crawl Stone Soup version 0.20-a0-864-g92acfd1 (webtiles) character file.

178 polly the Insei (level 5, 35/39 HPs)
             Began as a Demonspawn Gladiator on Mar 12, 2017.
             Quit the game on level 2 of the Dungeon.
             The game lasted 00:01:07 (889 turns).

polly the Insei (Demonspawn Gladiator)               Turns: 889, Time: 00:01:08

Health: 35/39      AC:  8    Str: 15    XL:     5   Next: 32%
Magic:  5/5        EV:  7    Int:  9    God:
Gold:   75         SH:  0    Dex: 15    Spells: 4/4 levels left

rFire    . . .     SeeInvis .     - Unarmed
rCold    . . .     Gourm    .   f - +0 chain mail
rNeg     . . .     Faith    .   (no shield)
rPois    .         Spirit   .   (helmet restricted)
rElec    .         Reflect  .   (no cloak)
rCorr    .         Harm     .   (no gloves)
MR       .....                  (no boots)
Stlth    ..........             (no amulet)
Regen    0.2/turn               (no ring)
MPRegen  0.1/turn               (no ring)

@: no status effects
A: antennae 1, powered by pain 2, spiny 1
a: no special abilities


You were on level 2 of the Dungeon.
You were not hungry.

You visited 1 branch of the dungeon, and saw 2 of its levels.

You collected 75 gold pieces.

Inventory:

Hand Weapons
 i - a +3 whip
Missiles
 c - 3 throwing nets (quivered)
Armour
 a - a +0 leather armour
 b - a +0 helmet
 f - a +0 chain mail (worn)
Scrolls
 h - 3 scrolls of identify {unknown}
 j - a scroll of fog {unknown}
Potions
 g - a potion of degeneration {unknown}
 k - a potion of brilliance {unknown}
Comestibles
 d - a bread ration


   Skills:
 + Level 2.4 Fighting
 - Level 1.7 Throwing
 + Level 1.2 Armour
 + Level 3.3 Dodging
 * Level 4.6 Unarmed Combat


You had 4 spell levels left.
You didn't know any spells.

Dungeon Overview and Level Annotations

Branches:
Dungeon (2/15)

Altars:


Innate Abilities, Weirdness & Mutations

You have a pair of small antennae on your head.
You sometimes gain power by taking damage.
You are partially covered in sharp spines.


Message History

You hit something. You barely miss something. Something hits you.
You hit something. Something hits you but does no damage.
You feel much better.
You hit something.
You hear some strange, mumbled words.
A magic dart appears from out of thin air!
The magic dart hits you!
You hit something.
Reactivating autopickup.
Your Armour skill increases to level 1!
Your Unarmed Combat skill increases to level 4!
You have reached level 4!
You feel agile.
Your demonic ancestry asserts itself...
You feel even more energised by your suffering.
You have reached level 5!
Your demonic ancestry asserts itself...
A pair of antennae grows on your head!
Your +0 helmet falls away!
You feel a bit more experienced.
Are you sure you want to abandon this character and quit the game? (Confirm with "yes".)

#.....##.##.##.#.#
#.....##.##......#
#.....##.......###
#.....########.#
#.....# #.#
###.### .#
####.####
#.....$.#
#.##†##@#
####....##)#
........##.#
####..#.##.#
#.......#
##....... ##...###
##.## ...


There were no monsters in sight!

Vanquished Creatures
  Sigmund (D:2)
  An adder (D:2)
  A worm (D:2)
  A dart slug (D:1)
  A ball python (D:1)
  2 giant cockroaches (D:1)
  3 hobgoblins (D:1)
  A kobold (D:1)
  3 bats
  A frilled lizard (D:1)
  5 rats
20 creatures vanquished.

Vanquished Creatures (others)
  5 toadstools (D:1)
5 creatures vanquished.

Grand Total: 25 creatures vanquished

Notes
Turn   | Place    | Note
-------+----------+-------------------------------------------
     0 | D:1      | polly the Demonspawn Gladiator began the quest for the Orb.
     0 | D:1      | Reached XP level 1. HP: 16/16 MP: 1/1
    60 | D:1      | Reached skill level 3 in Unarmed Combat
   181 | D:1      | Gained mutation: You are partially covered in sharp spines. [demonic ancestry]
   181 | D:1      | Reached XP level 2. HP: 9/22 MP: 2/2
   844 | D:2      | Gained mutation: You sometimes gain a little power by taking damage. [demonic ancestry]
   844 | D:2      | Reached XP level 3. HP: 25/27 MP: 3/3
   872 | D:2      | Noticed Sigmund
   888 | D:2      | Killed Sigmund
   888 | D:2      | Reached skill level 1 in Armour
   888 | D:2      | Reached skill level 4 in Unarmed Combat
   888 | D:2      | Gained mutation: You sometimes gain power by taking damage. [demonic ancestry]
   888 | D:2      | Reached XP level 4. HP: 30/34 MP: 4/4
   888 | D:2      | Gained mutation: You have a pair of small antennae on your head. [demonic ancestry]
   888 | D:2      | Reached XP level 5. HP: 35/39 MP: 5/5
   889 | D:2      | Quit the game

Vault maps used:
D:1:      ldierk_walled_garden, minivault_11, bh_walls_and_bars
D:2:      serial_forest, infiniplex_forest_end_2, infiniplex_forest_lined_3_way,
          infiniplex_forest_end_double, infiniplex_forest_end_2, uniq_sigmund,
          uniq_natasha, uniq_robin, uniq_terence

Skill      XL: |  1  2  3 |
---------------+----------+-----
Unarmed Combat | 3 4 |  4.6
Dodging        | 3 |  3.3
Armour         | 1 |  1.2
Fighting       | |  2.4
Throwing       | |  1.7

Action                   |  1- 3 |  4- 6 || total
-------------------------+-------+-------++-------
Melee: Unarmed           |    90 |       ||    90
  Use: Potion            |     2 |       ||     2
Armor: Chain mail        |    36 |       ||    36
       Leather armour    |     4 |       ||     4
Dodge: Dodged            |    28 |       ||    28
